 Dungeon Crawl Stone Soup version 0.28.0-45-g0d030f2227 (webtiles) character file.

Game seed: 15542660369118295996

158 Ablot the Grasshopper (level 5, -2/43 HPs)
             Began as a Gnoll Warper on Apr 5, 2022.
             Slain by an adder (3 damage)
             ... on level 4 of the Dungeon.
             The game lasted 00:03:18 (3710 turns).

Ablot the Grasshopper (Gnoll Warper)                Turns: 3710, Time: 00:03:19

Health: -2/43      AC:  3    Str: 12    XL:     5   Next: 39%
Magic:  12/12      EV: 13    Int: 13    God:
Gold:   169        SH:  0    Dex: 11    Spells: 12/14 levels left

rFire   . . .      SeeInvis .   a - +0 trident
rCold   . . .      Faith    .   (no shield)
rNeg    . . .      Spirit   .   b - +0 leather armour
rPois   .          Reflect  .   (no helmet)
rElec   .          Harm     .   (no cloak)
rCorr   .          Rampage  .   (no gloves)
Will    .....                   (no boots)
Stlth   +.........              (no amulet)
HPRegen 0.14/turn               (no ring)
MPRegen 0.13/turn               (no ring)

@: no status effects
A: fangs 1, strong nose, distributed training
a: no special abilities


You were on level 4 of the Dungeon.
You visited 1 branch of the dungeon, and saw 4 of its levels.

You collected 169 gold pieces.

Inventory:

Hand Weapons
 a - a +0 trident (weapon)
Missiles
 d - 5 boomerangs of dispersal
 e - 18 sling bullets
 l - 39 arrows
 o - 14 bolts
 p - 34 stones
 q - 12 poisoned darts (quivered)
Armour
 b - a +0 leather armour (worn)
Scrolls
 c - 2 scrolls of blinking
 f - 5 scrolls of identify {unknown}
 g - a scroll of amnesia {unknown}
 j - 2 scrolls of immolation {unknown}
 k - 2 scrolls of torment {unknown}
Potions
 m - a potion of berserk rage {unknown}


   Skills:
 + Level 4.8 Fighting
 + Level 1.4 Short Blades
 + Level 1.4 Long Blades
 + Level 1.4 Axes
 + Level 1.4 Maces & Flails
 + Level 4.8 Polearms
 + Level 1.4 Staves
 + Level 1.4 Slings
 + Level 1.4 Bows
 + Level 1.4 Crossbows
 + Level 3.0 Throwing
 + Level 3.0 Armour
 + Level 4.8 Dodging
 + Level 1.4 Stealth
 + Level 1.4 Shields
 + Level 1.4 Unarmed Combat
 + Level 5.2 Spellcasting
 + Level 1.1 Conjurations
 + Level 1.1 Hexes
 + Level 1.1 Summonings
 + Level 1.1 Necromancy
 + Level 5.5 Translocations
 + Level 1.1 Transmutations
 + Level 1.1 Fire Magic
 + Level 1.1 Ice Magic
 + Level 1.1 Air Magic
 + Level 1.1 Earth Magic
 + Level 1.1 Poison Magic
 + Level 1.6 Invocations
 + Level 1.4 Evocations


You had 12 spell levels left.
You knew the following spells:

 Your Spells              Type           Power      Damage    Failure   Level
a - Blink                 Tloc           34%        N/A       3%          2

Your spell library contained the following spells:

 Spells                   Type           Power      Damage    Failure   Level
 Gell's Gravitas          Tloc           17%        N/A       7%          3
 Lesser Beckoning         Tloc           17%        N/A       7%          3
 Teleport Other           Tloc           17%        N/A       7%          3
 Animate Skeleton         Necr           12%        N/A       14%         1
 Pain                     Necr           24%        1d5       14%         1
 Vampiric Draining        Necr           6%         2d6       41%         3
 Manifold Assault         Tloc           17%        N/A       54%         5


Dungeon Overview and Level Annotations

Branches:
Dungeon (4/15)
 Temple: D:4-7

Altars:
Cheibriados
Hepliaklqana

Shops:
D:1 *


Innate Abilities, Weirdness & Mutations

You have very sharp teeth.
Your uncanny sense of smell can sniff out nearby items.
Your experience applies equally to all skills.


Message History

You feel sick.
You are no longer poisoned.
The hound skeleton bites you. The adder bites you.
The goblin hits you with a +0 dagger. The hound skeleton barely misses you.
You closely miss the adder. The adder bites you but does no damage.
The hound skeleton barely misses you. The goblin hits you with a +0 dagger.
The adder closely misses you.
You miss the adder. The hound skeleton bites you. The adder barely misses you.
The goblin hits you with a +0 dagger.
You are too injured to fight recklessly!
You are too injured to fight recklessly!
You barely miss the adder. The hound skeleton bites you.
The adder closely misses you. The goblin hits you with a +0 dagger.
You barely miss the adder. The hound skeleton barely misses you.
The adder barely misses you. The hound skeleton bites you.
* * * LOW HITPOINT WARNING * * *
The goblin hits you with a +0 dagger.
* * * LOW HITPOINT WARNING * * *
The adder bites you.
* * * LOW HITPOINT WARNING * * *
You miss the adder. The hound skeleton misses you.
The adder bites you but does no damage. The goblin hits you with a +0 dagger.
* * * LOW HITPOINT WARNING * * *
Unknown command.
You hit the adder.
The adder is lightly wounded.
The hound skeleton bites you but does no damage.
The adder bites you.
* * * LOW HITPOINT WARNING * * *
The goblin barely misses you. The hound skeleton bites you.
* * * LOW HITPOINT WARNING * * *
It was a potion of curing.
You feel better. The adder closely misses you. The hound skeleton bites you.
* * * LOW HITPOINT WARNING * * *
The goblin closely misses you. The adder barely misses you.
Unknown command.
You miss the adder. The hound skeleton bites you.
* * * LOW HITPOINT WARNING * * *
The adder bites you.
You die...

.# §..#########
§≈.........#
§§§........#
§§§........####
≈≈§.?.g@Z......
§≈.....S...####
§..........#
...........#
############


You could see an adder, a goblin and a hound skeleton.

Vanquished Creatures
  An orc priest (D:3)
  An orc wizard (D:4)
  2 adders
  A dart slug (D:1)
  9 orcs (D:3)
  8 ball pythons
  6 endoplasms
  3 giant cockroaches
  5 goblins
  8 hobgoblins
  6 quokkas
  8 bats
  3 frilled lizards (D:1)
  7 kobolds
  4 rats
72 creatures vanquished.

Notes
Turn   | Place    | Note
-------+----------+-------------------------------------------
     0 | D:1      | Ablot the Gnoll Warper began the quest for the Orb.
     0 | D:1      | Reached XP level 1. HP: 20/20 MP: 6/6
    56 | D:1      | Reached XP level 2. HP: 5/26 MP: 7/7
   315 | D:1      | Learned a level 2 spell: Blink
   337 | D:1      | Found a faded altar of an unknown god.
   461 | D:1      | Found Ajonuim's General Store.
  1152 | D:2      | Reached XP level 3. HP: 29/31 MP: 9/9
  1187 | D:2      | Reached skill level 5 in Spellcasting
  1378 | D:2      | Reached skill level 1 in Invocations
  1669 | D:2      | Reached skill level 1 in Short Blades
  1669 | D:2      | Reached skill level 1 in Long Blades
  1669 | D:2      | Reached skill level 1 in Axes
  1669 | D:2      | Reached skill level 1 in Maces & Flails
  1669 | D:2      | Reached skill level 1 in Staves
  1669 | D:2      | Reached skill level 1 in Slings
  1669 | D:2      | Reached skill level 1 in Bows
  1669 | D:2      | Reached skill level 1 in Crossbows
  1669 | D:2      | Reached skill level 1 in Stealth
  1669 | D:2      | Reached skill level 1 in Shields
  1669 | D:2      | Reached skill level 1 in Unarmed Combat
  1669 | D:2      | Reached skill level 1 in Evocations
  1669 | D:2      | Reached XP level 4. HP: 29/38 MP: 11/11
  2184 | D:3      | Found a hazy altar of Hepliaklqana.
  2377 | D:3      | Found a snail-covered altar of Cheibriados.
  2886 | D:3      | Reached skill level 1 in Conjurations
  2886 | D:3      | Reached skill level 1 in Hexes
  2886 | D:3      | Reached skill level 1 in Summonings
  2886 | D:3      | Reached skill level 1 in Necromancy
  2886 | D:3      | Reached skill level 1 in Transmutations
  2886 | D:3      | Reached skill level 1 in Fire Magic
  2886 | D:3      | Reached skill level 1 in Ice Magic
  2886 | D:3      | Reached skill level 1 in Air Magic
  2886 | D:3      | Reached skill level 1 in Earth Magic
  2886 | D:3      | Reached skill level 1 in Poison Magic
  2905 | D:3      | HP: 1/38 [orc priest/divine providence (8)]
  2913 | D:3      | Reached XP level 5. HP: 10/43 MP: 12/12
  3708 | D:4      | HP: 1/43 [hound skeleton (2)]
  3710 | D:4      | Slain by an adder

Illustrated notes

Levels and vault maps discovered:
D:1:      heliophobic_arrival_henge, layout_basic, ebering_ecumenical_altar_box,
          serial_shops, nicolae_shop_competitors_out_of_business, st_stairs_3
D:2:      layout_loops_cross, minmay_pentomino_pile
D:3:      layout_basic, mainiacjoe_overflow_catwalk_spiral
D:4:      layout_basic, minmay_temple_entry_mist, uniq_grinder

Skill      XL: |  1  2  3  4  5 |
---------------+----------------+-----
Spellcasting   | 5 |  5.2
Invocations    | 1 |  1.6
Short Blades   | 1 |  1.4
Long Blades    | 1 |  1.4
Axes           | 1 |  1.4
Maces & Flails | 1 |  1.4
Staves         | 1 |  1.4
Slings         | 1 |  1.4
Bows           | 1 |  1.4
Crossbows      | 1 |  1.4
Stealth        | 1 |  1.4
Shields        | 1 |  1.4
Unarmed Combat | 1 |  1.4
Evocations     | 1 |  1.4
Conjurations   | 1 |  1.1
Hexes          | 1 |  1.1
Summonings     | 1 |  1.1
Necromancy     | 1 |  1.1
Transmutations | 1 |  1.1
Fire Magic     | 1 |  1.1
Ice Magic      | 1 |  1.1
Air Magic      | 1 |  1.1
Earth Magic    | 1 |  1.1
Poison Magic   | 1 |  1.1
Throwing       | 3 |  3.0
Armour         | 3 |  3.0
Fighting       | |  4.8
Polearms       | |  4.8
Dodging        | |  4.8
Translocations | |  5.5

Action                   |  1- 3 |  4- 6 || total
-------------------------+-------+-------++-------
Melee: Spear             |    88 |       ||    88
       Bite              |     3 |     5 ||     8
       Trident           |    53 |   116 ||   169
       Punch             |     1 |       ||     1
  Use: Potion            |       |     5 ||     5
 Stab: Distracted        |     1 |       ||     1
       Sleeping          |     3 |     1 ||     4
Armor: Leather armour    |    27 |    21 ||    48
Dodge: Dodged            |    71 |    80 ||   151
